 Dungeon Crawl Stone Soup version 0.31.0-11-ge490571c62 (webtiles) character file.

Game seed: 18024590961381699362

861 browni3141 the Chopper (level 7, 0/62 HPs)
             Began as a Minotaur Fighter on Jan 28, 2024.
             Was a Believer of Okawaru.
             Slain by Prince Ribbit (6 damage)
             ... on level 5 of the Dungeon.
             The game lasted 00:02:32 (3707 turns).

browni3141 the Chopper (Minotaur Fighter)           Turns: 3707, Time: 00:02:32

Health: 0/62       AC: 12    Str: 22    XL:     7   Next: 71%
Magic:  5/8        EV: 11    Int:  5    God:    Okawaru [**....]
Gold:   268        SH:  6    Dex: 10    Spells: 6/6 levels left

rFire   . . .        a - +0 war axe (venom)
rCold   . . .        c - +0 buckler
rNeg    . . .        b - +0 scale mail
rPois   .            (helmet restricted)
rElec   .            (no cloak)
rCorr   +            (no gloves)
SInv    .            k - +2 pair of boots
Will    .....        (no amulet)
Stlth   +            h - ring of resist corrosion
HPRegen 0.30/turn    (no ring)
MPRegen 0.11/turn

%: no passive effects
@: mighty, lethally poisoned (0 -> -16), lit by a corona, heroic, glowing
A: horns 2, retaliatory headbutt
a: Renounce Religion, Heroism


You were on level 5 of the Dungeon.
You worshipped Okawaru.
Okawaru was pleased with you.
You visited 1 branch of the dungeon, and saw 5 of its levels.
You also visited: Ossuary.

You collected 268 gold pieces.

Inventory:

Hand Weapons
 a - a +0 war axe of venom (weapon)
Armour
 b - a +0 scale mail (worn)
 c - a +0 buckler (worn)
 k - a +2 pair of boots (worn)
Jewellery
 h - a ring of resist corrosion (left hand)
Wands
 l - a wand of flame (11)
Scrolls
 f - 4 scrolls of immolation
 j - 3 scrolls of amnesia
 o - 3 scrolls of teleportation
 r - a scroll of noise
 s - a scroll of fear {unknown}
 t - a scroll of vulnerability
 x - a scroll of identify
Potions
 d - 2 potions of might
 e - a potion of cancellation
 g - 3 potions of curing {unknown}
 i - 2 potions of enlightenment {unknown}
 m - a potion of brilliance {unknown}
 n - a potion of heal wounds {unknown}
 p - a potion of mutation {unknown}
 q - a potion of invisibility {unknown}
 u - a potion of berserk rage {unknown}
 v - 2 potions of degeneration {unknown}
 w - a potion of attraction {unknown}


   Skills:
 + Level 5.6(10.6) Fighting
 * Level 6.6(11.6) Axes
 + Level 5.7(10.7) Armour
 + Level 5.6(10.6) Shields
 + Level 2.7 Invocations


You had 6 spell levels left.
You didn't know any spells.
Your spell library contained the following spells:

 Spells                   Type           Power      Damage    Failure   Level
 Sandblast                Erth           0%         2d4       80%         1
 Gell's Gravitas          Tloc           0%         N/A       99%         3
 Passwall                 Erth           0%         N/A       99%         3
 Stone Arrow              Conj/Erth      0%         3d7       99%         3
 Teleport Other           Tloc           0%         N/A       99%         3
 Brom's Barrelling Bould  Conj/Erth      0%         2d3       100%        4
 Fireball                 Conj/Fire      0%         3d3       100%        5
 Iskenderun's Battlesphe  Conj           0%         2d6       100%        5
 Conjure Ball Lightning   Conj/Air       0%         3x3d6     100%        6
 Dispersal                Tloc           0%         N/A       100%        6
 Orb of Destruction       Conj           0%         9d5       100%        7
 Summon Small Mammal      Summ           Unusable   N/A       N/A         1
 Call Canine Familiar     Summ           Unusable   N/A       N/A         3
 Summon Blazeheart Golem  Fire/Summ      Unusable   N/A       N/A         4

Dungeon Overview and Level Annotations

Branches:
Dungeon (5/15)             Temple (0/1) D:4         Ossuary (visited)

Altars:
Okawaru
Ru

Annotations:
D:5 Prince Ribbit, Sigmund


Innate Abilities, Weirdness & Mutations

You have a pair of horns on your head.
You reflexively headbutt those who attack you in melee.


Message History

You kill the adder!
Okawaru accepts your kill.
No target in view!
j - 3 scrolls of amnesia (gained 1)
x - a scroll of identify No target in view!
Dowan, Brother of Duvessa comes into view.
He is wielding a +0 dagger.
Dowan shouts!
Dowan moves out of view.
Duvessa, Sister of Dowan comes into view.
She is wielding a +0 short sword.
Sigmund the Dreaded comes into view.
He is wielding a +5 scythe of venom.
Sigmund shouts!
Duvessa shouts!
You hear an angry hiss.
Sigmund points at you and mumbles some strange words.
You block the puff of flame.
You hear a croak.
There are monsters nearby!
There are monsters nearby!
Prince Ribbit comes into view.
Prince Ribbit croaks.
An orc comes into view. It is wielding a +0 war axe.
A white imp comes into view.
The white imp shouts, "Return whence thou came, thou defiled two-tin-hat pigeon-egg!"
You hear a shout!
An orc comes into view. It is wielding a +0 club.
Dowan gestures wildly while chanting.
Dowan blinks!
You hear a shout!
There are monsters nearby!
The orc shouts!
Duvessa hits you but does no damage.
Sigmund casts a spell.
Sigmund flickers and vanishes!
Deactivating autopickup; reactivate with Ctrl-A.
There are monsters nearby!
You gain the combat prowess of a mighty hero.
Prince Ribbit blinks!
You block Duvessa's attack.
You feel very mighty all of a sudden. Duvessa hits you with a +0 short sword.
Something hits you!
You are poisoned.
You slice Duvessa!! Your headbutt misses Duvessa.
Duvessa is severely wounded.
You closely miss Dowan.
You feel very sick.
An adder comes into view.
Dowan points at you and mumbles some strange words.
You are outlined in light.
An orc priest comes into view. It is wielding a +0 short sword.
A phantom comes into view.
Duvessa hits you but does no damage.
The adder hisses angrily.
You hit Duvessa.
Duvessa is poisoned.
Duvessa is severely wounded.
You slash Prince Ribbit! You closely miss the white imp. You barely miss Dowan.
You feel sick. Something hits you!
You are more poisoned.
You block Prince Ribbit's attack. You block Dowan's attack.
The white imp hits you but does no damage.
Duvessa closely misses you.
An orc comes into view.
It is wielding a +0 hand axe and quivering poisoned darts.
The orc shouts!
You slice Duvessa!!
You kill Duvessa!
Okawaru accepts your kill.
Dowan's eyes darken. "You have made a grave mistake."
Dowan seems to find hidden reserves of power!
You closely miss Prince Ribbit. You barely miss the white imp. You hit Dowan.
Dowan is poisoned.
You feel very sick.
You hear an angry hiss.
Prince Ribbit blinks!
Dowan hits you but does no damage.
The orc priest miscasts a cantrip.
The white imp hits you but does no damage.
An orc comes into view.
It is wielding a +2 falchion of electrocution.
Something hits you but does no damage.
The orc shouts!
You slice Dowan!!
Dowan looks as sick as possible!
Your headbutt misses Dowan.
Dowan is almost dead.
You slash the orc!
You kill the orc!
Okawaru accepts your kill.
You hit the white imp. You slash the orc!
You kill the orc!
Okawaru accepts your kill.
You feel very sick. You block Dowan's attack. You block the white imp's attack.
Prince Ribbit hits you but does no damage.
Dowan hits you with a +0 dagger.
The orc priest mumbles some strange prayers to Beogh against you.
Beogh smites you!
You slash Dowan!
You kill Dowan!
Okawaru accepts your kill.
You slash the white imp!
You kill the white imp!
Okawaru accepts your kill.
You hit Prince Ribbit.
Prince Ribbit is poisoned.
You feel sick. Something hits you.
You are more poisoned.
Prince Ribbit hits you.
You die...

..## ...#####... .....
............ #... ...
............. .........#
.............###W. ....|.
..........##...... ......
...........#...S.##...o..#
..........# #..).....o....
........... ####@)...o.....
............#.#F).........
........................#
.......#....###........##
..........# #........#
..........## ##.......#
...........####........##..
......<.....#..............
.##.......................#


You could see Prince Ribbit (very poisoned), a phantom, an orc priest, an adder
and 2 orcs.

Vanquished Creatures
  A water moccasin (D:5)
  Duvessa (D:5)
  An elf zombie (Ossuary)
  A bullfrog (D:4)
  A burial acolyte (Ossuary)
  Dowan (D:5)
  A bombardier beetle (D:3)
  2 centaur zombies (Ossuary)
  A human zombie (Ossuary)
  A sleepcap (D:4)
  An orc wizard (D:3)
  2 crocodile zombies (Ossuary)
  A hound zombie (Ossuary)
  3 mummies (Ossuary)
  A gnoll (D:1)
  8 adders
  A white imp (D:5)
  4 adder zombies (Ossuary)
  3 ribbon worms
  2 dart slugs
  5 orcs
  5 endoplasms
  3 giant cockroaches
  2 gnoll zombies (Ossuary)
  5 goblins
  2 hobgoblins
  12 jackals (D:1)
  A quokka (D:4)
  8 ball pythons
  6 ball python zombies (Ossuary)
  9 bats
  A frilled lizard (D:3)
  A jackal zombie (Ossuary)
  5 kobolds
  5 kobold zombies (Ossuary)
  4 orc zombies (Ossuary)
  A quokka zombie (D:4)
  3 rats
  A rat zombie (D:4)
116 creatures vanquished.

Notes
Turn   | Place    | Note
-------+----------+-------------------------------------------
     0 | D:1      | browni3141 the Minotaur Fighter began the quest for the
                  | Orb.
     0 | D:1      | Reached XP level 1. HP: 19/19 MP: 0/0
    95 | D:1      | Reached XP level 2. HP: 26/27 MP: 1/1
   111 | D:1      | Reached skill level 3 in Axes
   539 | D:1      | You fall into a shaft and drop 1 floor!
   592 | D:2      | Reached XP level 3. HP: 33/33 MP: 2/2
   959 | D:2      | Found an iron altar of Okawaru.
  1085 | D:2      | Became a worshipper of Warmaster Okawaru
  1207 | D:1      | Reached XP level 4. HP: 24/40 MP: 3/3
  1545 | D:3      | Reached skill level 4 in Axes
  1953 | D:3      | Reached XP level 5. HP: 44/47 MP: 4/4
  2051 | D:3      | Reached skill level 1 in Invocations
  2341 | D:3      | Found a faded altar of an unknown god.
  2345 | D:3      | Found a sacrificial altar of Ru.
  2755 | D:4      | Reached * piety under Okawaru
  2756 | D:4      | Reached skill level 5 in Axes
  2756 | D:4      | Reached XP level 6. HP: 51/53 MP: 4/6
  2819 | D:4      | Found a sand-covered staircase.
  2826 | Ossuary  | Entered an ossuary
  2887 | Ossuary  | Reached skill level 5 in Shields
  2918 | Ossuary  | Reached skill level 5 in Fighting
  2918 | Ossuary  | Reached skill level 5 in Armour
  3056 | Ossuary  | Reached XP level 7. HP: 38/61 MP: 7/7
  3219 | Ossuary  | Reached ** piety under Okawaru
  3220 | Ossuary  | Reached skill level 6 in Axes
  3498 | D:4      | Found a staircase to the Ecumenical Temple.
  3625 | D:5      | Entered Level 5 of the Dungeon
  3696 | D:5      | Noticed Dowan
  3697 | D:5      | Noticed Duvessa
  3697 | D:5      | Noticed Sigmund
  3698 | D:5      | Noticed Prince Ribbit
  3705 | D:5      | Killed Duvessa
  3707 | D:5      | Killed Dowan
  3707 | D:5      | Slain by Prince Ribbit

Illustrated notes

Levels and vault maps discovered:
D:1:      minmay_arrival_wavy_path, layout_basic, chequers_decorated_corner,
          minmay_tetromino_s4
D:2:      layout_rooms, basic_altar
D:3:      layout_basic, nicolae_overflow_ecumenical_swirl
D:4:      layout_rooms, minmay_temple_entry_poolview, enter_ossuary_4,
          st_stairs_3, kennysheep_generic_room_4
D:5:      layout_cave_pools, uniq_prince_ribbit1, uniq_sigmund, uniq_duvessa

Skill      XL: |  1  2  3  4  5  6  7 |
---------------+----------------------+-----
Axes           | 3 4 5 6 |  6.6
Armour         | 4 5 |  5.7
Fighting       | 4 5 |  5.6
Shields        | 4 5 |  5.6
Invocations    | 1 2 |  2.7

Action                     |  1- 3 |  4- 6 |  7- 9 || total
---------------------------+-------+-------+-------++-------
  Melee: War axe           |    94 |   157 |    45 ||   296
         Headbutt          |     9 |    28 |     9 ||    46
 Invoke: Heroism           |       |       |     1 ||     1
    Use: Scroll            |       |     5 |     3 ||     8
         Potion            |       |       |     1 ||     1
 Armour: Scale mail        |    69 |   121 |    39 ||   229
  Dodge: Dodged            |    46 |    68 |    18 ||   132
  Block: Buckler           |    34 |    38 |    15 ||    87
